 Dungeon Crawl Stone Soup version 0.27.1-15-g792fb953b9 (webtiles) character file.

Game seed: 9455851575133606815

134 styxcanada the Sneak (level 4, -6/23 HPs)
             Began as a Spriggan Brigand on Nov 18, 2021.
             Killed from afar by an orc wizard (8 damage)
             ... with a magic dart
             ... on level 3 of the Dungeon.
             The game lasted 00:10:23 (3105 turns).

styxcanada the Sneak (Spriggan Brigand)             Turns: 3105, Time: 00:10:24

Health: -6/23      AC:  3    Str:  7    XL:     4   Next: 95%
Magic:  5/5        EV: 17    Int: 12    God:
Gold:   124        SH:  0    Dex: 17    Spells: 3/3 levels left

rFire    . . .     SeeInvis +   a - +2 dagger
rCold    . . .     Faith    .   (shield restricted)
rNeg     . . .     Spirit   .   b - +0 robe
rPois    .         Reflect  .   (helmet restricted)
rElec    .         Harm     .   c - +0 cloak
rCorr    .         Rampage  .   (gloves unavailable)
Will     .....                  (boots unavailable)
Stlth    ++++......             (no amulet)
HPRegen  0.07/turn              (no ring)
MPRegen  0.09/turn              (no ring)

@: very quick
A: very small, no large weapons, unfitting armour, see invisible, speed 3
a: no special abilities


You were on level 3 of the Dungeon.
You visited 1 branch of the dungeon, and saw 3 of its levels.

You collected 124 gold pieces.

Inventory:

Hand Weapons
 a - a +2 dagger (weapon)
Missiles
 d - 8 poisoned darts (quivered)
 e - 2 curare-tipped darts
 h - 7 boomerangs
 k - a throwing net
 l - 72 stones
Armour
 b - a +0 robe (worn)
 c - a +0 cloak (worn)
Jewellery
 t - an amulet of magic regeneration
Scrolls
 f - a scroll of identify
 i - a scroll of enchant weapon {unknown}
 n - a scroll of vulnerability {unknown}
 o - a scroll of teleportation {unknown}
 q - a scroll of fear {unknown}
 r - a scroll of magic mapping {unknown}
 s - a scroll of immolation {unknown}
Potions
 g - a potion of lignification
 j - a potion of magic
 m - a potion of heal wounds
 p - a potion of ambrosia


   Skills:
 + Level 1.8 Fighting
 + Level 3.4 Short Blades
 + Level 2.5 Throwing
 + Level 2.1 Dodging
 + Level 7.9 Stealth


You had 3 spell levels left.
You didn't know any spells.
Your spell library was empty.

Dungeon Overview and Level Annotations

Branches:
Dungeon (3/15)

Altars:


Innate Abilities, Weirdness & Mutations

You are very small and have problems with some larger weapons.
You are too small for most types of armour.
You have supernaturally acute eyesight. (SInv)
You cover ground extremely quickly. (Speed+++)


Message History

The jackal is heavily wounded.
The orc shouts!
The jackal bites you but does no damage.
You hit the jackal.
You kill the jackal!
You closely miss the orc. You hit the orc.
The orc is heavily wounded.
The orc hits you with a +0 mace!
You hit the orc.
You kill the orc!
Throw: 10 darts (poison)
Press: ? - help, Q - select action, (/) - cycle Shift-Dir - straight line, f - orc wizard
Aim: an orc wizard, wielding a +0 dagger and wearing a +0 robe (slightly transparent, 53% to hit)
You throw a poisoned dart. The poisoned dart hits the orc wizard.
The orc wizard is poisoned.
Throw: 9 darts (poison)
Press: ? - help, Q - select action, (/) - cycle Shift-Dir - straight line, f/p - orc wizard
Aim: an orc wizard, wielding a +0 dagger and wearing a +0 robe (lightly wounded, slightly transparent, poisoned, 53% to hit)
You throw a poisoned dart. The poisoned dart hits the orc wizard!
The orc wizard looks even sicker.
The orc wizard is lightly wounded.
The orc wizard points at you and mumbles some strange words.
The magic dart hits you.
The orc wizard hits you with a +0 dagger.
You hit the orc wizard.
The orc wizard is moderately wounded.
The orc wizard barely misses you.
You hit the orc wizard.
The orc wizard is heavily wounded.
You hit the orc wizard.
The orc wizard is almost dead.
The orc wizard points at you and mumbles some strange words.
The puff of flame hits you!
* * * LOW HITPOINT WARNING * * *
You hit the orc wizard but do no damage.
The orc wizard is almost dead.
The orc wizard casts a spell at you. The magic dart hits you!
You die...

#♣♣.♣ ♣...♣♣.#
♣..♣♣♣♣.♣♣♣#.######## ##
♣8.....♣♣ #........# .#
♣_..⌠.♣♣ ♣♣♣.####.# .#
♣8..... ♣...♣# #.# .#
♣..♣♣♣♣.....♣♣.# #.# .#
♣.. ♣♣♣♣ ♣#.# #†# .# ♣♣
♣ #..# #.# †# .♣# ##@##
#.# .# ♣♣♣.# #.o# #.# .#
#.#.# ##.## #.#
.#####.#.# #.)# #.#
.........#####(#######.#
.#####..o..............#
#######'#######.o......#
#≈≈≈≈≈≈.≈≈≈≈≈≈####.#####
#≈..oo.......≈# #.#


You could see an orc wizard (invisible, very poisoned).

Vanquished Creatures
  An iguana (D:3)
  6 adders
  A worm (D:2)
  4 orcs (D:3)
  4 ball pythons
  5 endoplasms
  2 giant cockroaches (D:2)
  3 goblins
  3 hobgoblins
  2 jackals (D:3)
  6 bats
  5 frilled lizards
  4 kobolds
  7 rats
53 creatures vanquished.

Notes
Turn   | Place    | Note
-------+----------+-------------------------------------------
     0 | D:1      | styxcanada the Spriggan Brigand began the quest for the
                  | Orb.
     0 | D:1      | Reached XP level 1. HP: 10/10 MP: 2/2
    85 | D:1      | Reached skill level 6 in Stealth
   641 | D:1      | Reached XP level 2. HP: 14/14 MP: 3/3
  1138 | D:2      | Reached XP level 3. HP: 15/18 MP: 4/4
  1143 | D:2      | Reached skill level 7 in Stealth
  1680 | D:2      | You fall into a shaft and drop 1 floor!
  1865 | D:2      | Reached XP level 4. HP: 23/23 MP: 5/5
  2778 | D:3      | Found a faded altar of an unknown god.
  3105 | D:3      | Killed from afar by an orc wizard

Illustrated notes

Levels and vault maps discovered:
D:1:      psy_arrival_statuary, layout_basic, minmay_tetromino_o4
D:2:      layout_loops_corners
D:3:      minmay_wonky_spiral, layout_loops_ring,
          shapermc_ecumenical_altar_totnotflames, kennysheep_path_1

Skill      XL: |  1  2  3  4 |
---------------+-------------+-----
Stealth        | 6 7 |  7.9
Short Blades   | 3 |  3.4
Dodging        | 2 |  2.1
Fighting       | |  1.8
Throwing       | |  2.5

Action                   |  1- 3 |  4- 6 || total
-------------------------+-------+-------++-------
Melee: Dagger            |    93 |    60 ||   153
Throw: Dart              |     6 |    17 ||    23
  Use: Scroll            |       |     4 ||     4
 Stab: Sleeping          |    12 |     8 ||    20
Armor: Robe              |     8 |     5 ||    13
Dodge: Dodged            |    55 |    39 ||    94
